 Dungeon Crawl Stone Soup version 0.32-a0-131-g9dbbe29261 (webtiles) character file.

Game seed: 8262724606856906126

1203 Dittersdorf the Covered (level 8, -2/51 HPs)
             Began as a Gargoyle Fighter on Feb 8, 2024.
             Was an Initiate of Gozag.
             Slain by an ogre
             ... wielding a +0 giant club
              (11 damage)
             ... on level 6 of the Dungeon.
             The game lasted 00:06:09 (4750 turns).

Dittersdorf the Covered (Gargoyle Fighter)          Turns: 4750, Time: 00:06:10

Health: -2/51      AC: 20    Str: 22    XL:     8   Next: 45%
Magic:  8/8        EV:  8    Int:  9    God:    Gozag
Gold:   515        SH:  5    Dex:  9    Spells: 7/7 levels left

rFire   . . .        a - +0 flail (flame)
rCold   . . .        c - +0 buckler
rNeg    + . .        t - +0 chain mail
rPois   ∞            o - +0 helmet
rElec   +            x - +0 cloak
rCorr   .            w - +1 pair of gloves
SInv    .            (no boots)
Will    .....        (no amulet) Stlth
                     f - ring of wizardry
HPRegen 0.28/turn    (no ring)
MPRegen 0.11/turn

%: wizardry (x1)
@: no status effects
A: sickness immunity, AC +5, negative energy resistance 1, electricity
resistance, torment resistance 1, petrification resistance
a: Renounce Religion, Potion Petition, Call Merchant, Bribe Branch


You were on level 6 of the Dungeon.
You worshipped Gozag.
Gozag was pleased with you.
You visited 2 branches of the dungeon, and saw 7 of its levels.
You also visited: Ossuary.

You collected 571 gold pieces.
You paid 56 gold pieces to Gozag.

Inventory:

Hand Weapons
 a - a +0 flail of flaming (weapon)
Armour
 c - a +0 buckler (worn)
 o - a +0 helmet (worn)
 r - a +0 plate armour
 t - a +0 chain mail (worn)
 w - a +1 pair of gloves (worn)
 x - a +0 cloak (worn)
Jewellery
 f - a ring of wizardry (left hand)
Wands
 b - a wand of roots (7) (quivered)
Scrolls
 j - a scroll of fog
 k - 2 scrolls of teleportation
 m - 3 scrolls of enchant weapon {unknown}
 n - a scroll of poison
 s - a scroll of brand weapon
Potions
 d - 2 potions of might
 e - 6 potions of heal wounds
 g - a potion of brilliance
 h - a potion of magic
 i - 2 potions of haste {unknown}
 l - a potion of ambrosia {unknown}
 p - 2 potions of mutation {unknown}
 q - 5 potions of curing
 u - 4 potions of cancellation {unknown}
 v - a potion of experience {unknown}
 z - a potion of enlightenment {unknown}


   Skills:
 + Level 6.3 Fighting
 + Level 5.2 Maces & Flails
 + Level 6.3 Armour
 + Level 6.3 Shields


You had 7 spell levels left.
You didn't know any spells.
Your spell library was empty.

Dungeon Overview and Level Annotations

Branches:
Dungeon (6/15)             Temple (1/1) D:4         Ossuary (visited)

Altars:
Ashenzari
Cheibriados
Dithmenos
Fedhas
Gozag
Hepliaklqana
Kikubaaqudgha
Makhleb
Nemelex Xobeh
Okawaru
Qazlal
Ru
Trog
Wu Jian
Xom
Yredelemnul
The Shining One

Shops:
D:6 ?


Innate Abilities, Weirdness & Mutations

You are immune to sickness and miasma.
Your stone body is resilient. (AC +5)
You are immune to poison.
You resist negative energy. (rN+)
You are resistant to electric shocks. (rElec)
You are resistant to unholy torment.
You are immune to petrification.


Message History

The sleepcap releases spores at you but does no damage.
The jelly hits you but does no damage.
You hit the jelly. You burn the jelly.
You kill the jelly!
The sleepcap barely misses you.
The sleepcap releases spores at you but does no damage.
You hit the ogre but do no damage. The sleepcap completely misses you.
The ogre hits you with a +0 giant club!!
Ouch! That really hurt!
* * * LOW HITPOINT WARNING * * *
You are too injured to fight recklessly!
You are too injured to fight recklessly!
You are too injured to fight recklessly!
You are too injured to fight recklessly!
You are too injured to fight recklessly!
You are too injured to fight recklessly!
You are too injured to fight recklessly!
You are too injured to fight recklessly!
You are too injured to fight recklessly!
You are too injured to fight recklessly!
You are too injured to fight recklessly!
You are too injured to fight recklessly!
You are too injured to fight recklessly!
You are too injured to fight recklessly!
You are too injured to fight recklessly!
The sleepcap attacks as it pursues you! The sleepcap releases spores at you.
* * * LOW HITPOINT WARNING * * *
The sleepcap attacks as it pursues you!
The sleepcap releases spores at you but does no damage.
The sleepcap attacks as it pursues you! The sleepcap releases spores at you.
* * * LOW HITPOINT WARNING * * *
You are no longer corroded.
The sleepcap is distracted by your dazzling golden aura.
The sleepcap is no longer distracted by gold.
You enter the shallow water.
Moving in this stuff is going to be slow.
There is a stone staircase leading up here.
The ogre hits you with a +0 giant club!
You die...
Your body crumbles into a pile of gold.

##.......)#≈≈≈≈# #####.##
#........#≈≈≈≈######.....###
###...#..#≈≈≈≈#......~..~....#
#######.##.)#.~~~~~.~~~~~~≈~≈~~~.
#..ß.∩.<.ß...~≈≈.≈~≈~≈~~~~~~~≈~~.
.............~.≈≈~~~≈.~~~~~~~~≈≈~
...............~~~~~~~~.~≈~~~~≈≈≈
#.#.......)[..~f....~...~...#≈≈≈≈
####.#....[..##O@#.###..######≈≈≈
# #..##.##...##........##
#............).......###
.....................#
..................#.##
#............#....###
#......##.#.#.##..#
.....##..#...##.....#
............#.......#


You could see an ogre and a sleepcap.

Vanquished Creatures
  An ice beast (D:5)
  2 ogres
  A scorpion (D:5)
  An elf zombie (Ossuary)
  2 burial acolytes (Ossuary)
  A bombardier beetle (D:5)
  A centaur zombie (Ossuary)
  5 hounds
  4 jellies
  3 iguanas
  An orc wizard (D:6)
  6 mummies
  7 gnolls
  8 adders
  A ribbon worm (D:4)
  2 dart slugs
  5 orcs
  9 ball pythons
  2 endoplasms
  3 giant cockroaches
  6 goblins
  5 hobgoblins
  3 quokkas
  3 bats
  5 frilled lizards
  2 gnoll zombies (Ossuary)
  A hobgoblin zombie (D:4)
  3 kobolds
  2 kobold zombies (Ossuary)
  3 orc zombies
  3 rats (D:1)
101 creatures vanquished.

Notes
Turn   | Place    | Note
-------+----------+-------------------------------------------
     0 | D:1      | Dittersdorf the Gargoyle Fighter began the quest for the
                  | Orb.
     0 | D:1      | Reached XP level 1. HP: 14/14 MP: 1/1
   190 | D:1      | Reached XP level 2. HP: 15/19 MP: 2/2
  1020 | D:2      | Reached XP level 3. HP: 24/24 MP: 3/3
  1031 | D:2      | Found a burning altar of Makhleb.
  1368 | D:2      | Reached XP level 4. HP: 29/29 MP: 4/4
  2319 | D:4      | Reached XP level 5. HP: 25/33 MP: 5/5
  2407 | D:4      | Noticed an ogre
  2413 | D:4      | Killed an ogre
  2414 | D:4      | Reached XP level 6. HP: 15/39 MP: 6/6
  2420 | D:4      | Found a staircase to the Ecumenical Temple.
  2429 | Temple   | Entered the Ecumenical Temple
  2437 | Temple   | Became a worshipper of Gozag Ym Sagoz the Greedy
  2615 | D:4      | Found a sand-covered staircase.
  2624 | Ossuary  | Entered an ossuary
  2758 | Ossuary  | Reached skill level 5 in Armour
  2760 | Ossuary  | Reached skill level 5 in Fighting
  2760 | Ossuary  | Reached skill level 5 in Shields
  2760 | Ossuary  | Reached XP level 7. HP: 23/44 MP: 7/7
  3523 | D:5      | Entered Level 5 of the Dungeon
  3697 | D:5      | Found a hazy altar of Hepliaklqana.
  3941 | D:5      | Reached XP level 8. HP: 49/51 MP: 8/8
  4021 | D:5      | Found an ornate altar of the Wu Jian Council.
  4296 | D:5      | Reached skill level 5 in Maces & Flails
  4373 | D:6      | Found Vuihyu's Magic Scroll Boutique.
  4750 | D:6      | Slain by an ogre

Illustrated notes

Levels and vault maps discovered:
D:1:      onia_arrival_pyramid, layout_loops_corners, minmay_misc_feat_hallway,
          serial_bayou_lagoon_b
D:2:      layout_loops_ring, basic_altar
D:3:      layout_loops_ring
D:4:      layout_cave_pools, minmay_temple_entry_large_hall, serial_forest,
          infiniplex_forest_lined_room_2, infiniplex_forest_end_3,
          infiniplex_forest_lined_4_way, infiniplex_forest_clump_curved,
          infiniplex_forest_lined_room_2, infiniplex_forest_lined_4_way,
          infiniplex_forest_end_2, nicolae_ossuary_entry_giza
D:5:      layout_cave_pools, worldfamousw_hep_ancestral_shrine,
          nzn_wu_jian_contemplation
D:6:      layout_cave_pools, serial_shops, shop_statue,
          minmay_misc_feat_more_columns, chequers_serial_rivers_large_a,
          nicolae_sextant
Temple:   nicolae_temple_bog_church

Skill      XL: |  1  2  3  4  5  6  7  8 |
---------------+-------------------------+-----
Fighting       | 4 5 6 |  6.3
Armour         | 4 5 6 |  6.3
Shields        | 4 5 6 |  6.3
Maces & Flails | 3 4 5 |  5.2

Action                     |  1- 3 |  4- 6 |  7- 9 || total
---------------------------+-------+-------+-------++-------
  Melee: Flail             |   123 |   163 |   247 ||   533
  Evoke: Wand              |       |     4 |       ||     4
    Use: Scroll            |       |     8 |     2 ||    10
   Stab: Distracted        |       |       |     1 ||     1
 Armour: Scale mail        |    86 |    35 |       ||   121
         Chain mail        |       |    94 |   104 ||   198
  Dodge: Dodged            |    64 |    66 |    58 ||   188
  Block: Buckler           |    24 |    39 |    29 ||    92

Table legend: (Time is in decaauts)
 A = Elapsed time spent in this place.
 B = Non-inter-level travel time spent in this place.
 C = Inter-level travel time spent in this place.
 D = Time resting spent in this place.
 E = Time spent auto-exploring this place.
 F = Levels seen in this place.
 G = Mean time per level.
                   A        B        C        D        E       F      G
               +--------+--------+--------+--------+--------+-----+--------+
         Total |   4902 |   4631 |    271 |    292 |   2927 |   8 |  612.8 |
       Dungeon |   4504 |   4233 |    271 |    228 |   2848 |   6 |  750.7 |
        Temple |     17 |     17 |      0 |      0 |      0 |   1 |   17.0 |
       Ossuary |    380 |    380 |      0 |     64 |     79 |   1 |  380.0 |
               +--------+--------+--------+--------+--------+-----+--------+

Top non-repeatable levels by time:
     D:1: 951 daAuts
     D:4: 912 daAuts
     D:2: 756 daAuts
     D:5: 729 daAuts
     D:3: 724 daAuts
     D:6: 431 daAuts
 Ossuary: 380 daAuts
  Temple: 17 daAuts
